 Dungeon Crawl Stone Soup version 0.32-a0-42-ga30500b4d3 (webtiles) character file.

Game seed: 3984408331557669195

191 funkygono the Covered (level 5, 0/46 HPs)
             Began as a Minotaur Fighter on Feb 3, 2024.
             Slain by Ijyb
             ... wielding a +0 dagger
              (5 damage)
             ... on level 4 of the Dungeon.
             The game lasted 00:03:38 (2502 turns).

funkygono the Covered (Minotaur Fighter)            Turns: 2502, Time: 00:03:39

Health: 0/46       AC:  2    Str: 28    XL:     5   Next: 41%
Magic:  4/4        EV: 10    Int:  5    God:
Gold:   133        SH:  4    Dex: 10    Spells: 4/4 levels left

rFire   . . .        a - +0 war axe
rCold   . . .        c - +0 buckler
rNeg    . . .        b - +0 scale mail
rPois   .            (helmet restricted)
rElec   .            (no cloak)
rCorr   .            (no gloves)
SInv    .            l - +2 pair of boots {Fly}
Will    .....        (no amulet) Stlth
                     j - +6 ring of strength
HPRegen 0.27/turn    (no ring)
MPRegen 0.09/turn

%: no passive effects
@: corroded, flying
A: horns 2, retaliatory headbutt
a: no special abilities


You were on level 4 of the Dungeon.
You visited 1 branch of the dungeon, and saw 4 of its levels.

You collected 133 gold pieces.

Inventory:

Hand Weapons
 a - a +0 war axe (weapon)
Missiles
 e - 12 stones (quivered)
Armour
 b - a +0 scale mail (worn)
 c - a +0 buckler (worn)
 l - a +2 pair of boots of flying (worn)
Jewellery
 j - a +6 ring of strength (left hand)
Scrolls
 f - 2 scrolls of teleportation {unknown}
 g - a scroll of fog {unknown}
 h - a scroll of revelation {unknown}
 n - a scroll of butterflies {unknown}
 o - a scroll of poison {unknown}
 p - a scroll of identify {unknown}
Potions
 d - a potion of might
 i - 2 potions of heal wounds {unknown}
 k - a potion of berserk rage {unknown}
 m - a potion of lignification {unknown}


   Skills:
 + Level 4.2 Fighting
 + Level 4.6 Axes
 + Level 4.9 Armour
 + Level 0.8 Dodging
 + Level 4.7 Shields


You had 4 spell levels left.
You didn't know any spells.
Your spell library contained the following spells:

 Spells                   Type           Power      Damage    Failure   Level
 Blink                    Tloc           0%         N/A       89%         2
 Lesser Beckoning         Tloc           0%         N/A       89%         2
 Momentum Strike          Conj/Tloc      0%         3d8       89%         2


Dungeon Overview and Level Annotations

Branches:
Dungeon (4/15)
 Temple: D:4-7

Altars:
Wu Jian

Shops:
D:1 [

Annotations:
D:4 Ijyb


Innate Abilities, Weirdness & Mutations

You have a pair of horns on your head.
You reflexively headbutt those who attack you in melee.


Message History

Things that are here:
a +0 short sword; an orc corpse Ijyb hits you but does no damage.
You barely miss Ijyb. Ijyb hits you with a +0 dagger.
Ijyb zaps a wand.
The bolt of acid hits you!
You closely miss Ijyb. Ijyb screams, "I dance on your bones!"
Ijyb hits you but does no damage.
You slash Ijyb!
Ijyb is moderately wounded.
Ijyb zaps a wand.
The bolt of acid hits you! The acid corrodes you!
You hit Ijyb but do no damage.
Ijyb is moderately wounded.
Ijyb hits you but does no damage. x2
You closely miss Ijyb.
Ijyb is moderately wounded.
Ijyb barely misses you. You furiously retaliate!
You headbutt Ijyb, but do no damage. You hit Ijyb but do no damage.
Ijyb is moderately wounded.
Ijyb barely misses you.
You hit Ijyb but do no damage.
Ijyb is moderately wounded.
Ijyb hits you with a +0 dagger.
You hit Ijyb but do no damage.
Ijyb is moderately wounded.
Ijyb hits you with a +0 dagger. Ijyb barely misses you.
You barely miss Ijyb.
Ijyb is moderately wounded.
Ijyb zaps a wand.
The bolt of acid hits you!
* * * LOW HITPOINT WARNING * * *
The acid corrodes you!
You closely miss Ijyb. Your headbutt misses Ijyb.
Ijyb is moderately wounded.
Ijyb closely misses you. You furiously retaliate!
You headbutt Ijyb, but do no damage. You hit Ijyb but do no damage.
Ijyb is moderately wounded.
Ijyb hits you with a +0 dagger.
You die...

#............g#
#.............#
#.......##.o).#
#.......##.g..#
#........#....#
+........o....##..
#..................
#......############
##.....g@)......<#
#################


You could see Ijyb.

Vanquished Creatures
  An orc wizard (D:2)
  4 gnolls (D:3)
  6 adders
  5 orcs (D:3)
  8 endoplasms
  5 goblins
  4 hobgoblins
  7 quokkas
  9 ball pythons
  7 bats
  5 kobolds
  8 rats
69 creatures vanquished.

Vanquished Creatures (others)
  An orc (D:4)
1 creature vanquished.

Grand Total: 70 creatures vanquished

Notes
Turn   | Place    | Note
-------+----------+-------------------------------------------
     0 | D:1      | funkygono the Minotaur Fighter began the quest for the Orb.
     0 | D:1      | Reached XP level 1. HP: 19/19 MP: 0/0
   122 | D:1      | Found Keoczikk's Antique Armour Boutique.
   145 | D:1      | Reached XP level 2. HP: 21/27 MP: 1/1
   661 | D:2      | Reached XP level 3. HP: 17/33 MP: 2/2
   992 | D:2      | Reached XP level 4. HP: 40/40 MP: 3/3
  1181 | D:2      | Found an ornate altar of the Wu Jian Council.
  1919 | D:3      | Reached XP level 5. HP: 34/46 MP: 4/4
  2226 | D:3      | Identified the +2 robe of Heresy {Rampage rF- rC- Int+9}
  2472 | D:4      | Noticed Ijyb
  2502 | D:4      | Slain by Ijyb

Illustrated notes

Levels and vault maps discovered:
D:1:      grunt_arrival_lava_bath, layout_basic, serial_shops, shop,
          serial_aquarium, aquarium_bridge_straight [aquarium_subvault_bridge,
          aquarium_subvault_wall, aquarium_subvault_bridge,
          aquarium_subvault_wall], aquarium_bridge_long_separate
          [aquarium_subvault_window, aquarium_subvault_bridge,
          aquarium_subvault_wall, aquarium_subvault_bridge,
          aquarium_subvault_bridge, aquarium_subvault_balcony],
          aquarium_window_corridor_3, aquarium_window_corner, aquarium_window_1,
          aquarium_view_2d, aquarium_balcony_5b
D:2:      layout_basic, serial_glass, glass_columns_b, glass_columns_c,
          basic_altar, grunt_ministairs_6
D:3:      layout_basic, minmay_misc_feat_columns, minivault_25,
          chequers_serial_rivers_large_b
D:4:      layout_basic, grunt_qazlal_clouds, minmay_temple_entry_ruins,
          minivault_27, uniq_ijyb

Skill      XL: |  1  2  3  4 |
---------------+-------------+-----
Armour         | 4 |  4.9
Shields        | 4 |  4.7
Axes           | 3 4 |  4.6
Fighting       | 4 |  4.2
Dodging        | |  0.8

Action                     |  1- 3 |  4- 6 || total
---------------------------+-------+-------++-------
  Melee: War axe           |    74 |    91 ||   165
         Headbutt          |     9 |    12 ||    21
 Armour: Scale mail        |    54 |    91 ||   145
  Dodge: Dodged            |    46 |    38 ||    84
  Block: Buckler           |    20 |    11 ||    31

Table legend: (Time is in decaauts)
 A = Elapsed time spent in this place.
 B = Non-inter-level travel time spent in this place.
 C = Inter-level travel time spent in this place.
 D = Time resting spent in this place.
 E = Time spent auto-exploring this place.
 F = Levels seen in this place.
 G = Mean time per level.
                   A        B        C        D        E       F      G
               +--------+--------+--------+--------+--------+-----+--------+
         Total |   2560 |   2466 |     94 |      0 |   1944 |   4 |  640.0 |
       Dungeon |   2560 |   2466 |     94 |      0 |   1944 |   4 |  640.0 |
               +--------+--------+--------+--------+--------+-----+--------+

Top non-repeatable levels by time:
     D:2: 989 daAuts
     D:3: 874 daAuts
     D:1: 620 daAuts
     D:4: 74 daAuts
